 Dungeon Crawl Stone Soup version 0.25.1-2-g60ff931df9 (webtiles) character file.

Game seed: 3442715665785068401

27 Kaiern the Skirmisher (level 3, -2/24 HPs)
             Began as a Gargoyle Fighter on Sept 6, 2020.
             Slain by Sigmund
             ... wielding a +3 scythe
              (7 damage)
             ... on level 2 of the Dungeon.
             The game lasted 00:05:12 (1557 turns).

Kaiern the Skirmisher (Gargoyle Fighter)            Turns: 1557, Time: 00:05:13

Health: -2/24      AC: 13    Str: 20    XL:     3   Next: 10%
Magic:  3/3        EV:  7    Int:  8    God:
Gold:   12         SH:  9    Dex:  9    Spells: 2/2 levels left

rFire    . . .     SeeInvis .   a - +0 flail
rCold    . . .     Gourm    .   c - +0 kite shield
rNeg     + . .     Faith    .   b - +0 scale mail
rPois    ∞         Spirit   .   e - +0 helmet
rElec    +         Reflect  .   t - +0 cloak
rCorr    .         Harm     .   h - +0 pair of gloves
MR       .....                  (no boots)
Stlth    ..........             (no amulet)
HPRegen  0.08/turn              (no ring)
MPRegen  0.08/turn              (no ring)

@: no status effects
A: negative energy resistance 1, electricity resistance, unbreathing,
petrification resistance, rot immunity, AC +3
a: no special abilities


You were on level 2 of the Dungeon.
You were not hungry.

You visited 1 branch of the dungeon, and saw 2 of its levels.

You collected 12 gold pieces.

Inventory:

Hand Weapons
 a - a +0 flail (weapon)
Missiles
 j - 2 silver boomerangs (quivered)
Armour
 b - a +0 scale mail (worn)
 c - a +0 kite shield (worn)
 e - a +0 helmet (worn)
 h - a +0 pair of gloves (worn)
 t - a +0 cloak (worn)
Jewellery
 p - a cursed ring of teleportation {unknown}
Scrolls
 k - 2 scrolls of identify {unknown}
 l - a scroll of fog {unknown}
 n - 2 scrolls of teleportation {unknown}
 o - a scroll of immolation {unknown}
 q - a scroll of noise {unknown}
 s - a scroll of remove curse {unknown}
Potions
 d - 2 potions of might
 g - a potion of curing {unknown}
 i - a potion of cancellation {unknown}
 m - a potion of degeneration {unknown}
Comestibles
 f - 2 rations


   Skills:
 + Level 3.8 Fighting
 - Level 2.0 Maces & Flails
 + Level 3.7 Armour
 + Level 3.7 Shields


You had 2 spell levels left.
You didn't know any spells.
Your spell library was empty.

Dungeon Overview and Level Annotations

Branches:
Dungeon (2/15)

Altars:
Okawaru

Annotations:
D:2 Jessica, Sigmund


Innate Abilities, Weirdness & Mutations

You are resistant to torment.
Your stone body is resilient. (AC +3)
You are immune to poison.
You resist negative energy. (rN+)
You are resistant to electric shocks. (rElec)
You can survive without breathing.
You are immune to petrification.
You are immune to rotting.


Message History

Your scale mail prevents you from hitting the adder.
The adder bites you but does no damage. Something hits you.
You block the adder's attack.
You hit the adder.
The adder is moderately wounded.
The adder bites you but does no damage. Something hits you but does no damage.
The adder bites you but does no damage.
You hit the adder.
The adder is almost dead.
You block the adder's attack. Something hits you!
The adder bites you but does no damage.
You completely miss the adder.
The adder is almost dead.
The adder barely misses you. Something hits you.
Your shield prevents you from hitting the adder.
The adder is almost dead.
The adder bites you.
* * * LOW HITPOINT WARNING * * *
You block the adder's attack. Something hits you!
You die...

#.### #.# ##.# ##..#
#..## #.## .. #.# .
#÷# #.. #@# #.#.
##S# #.).###..#
#...#..##
#.#...########
#.#..........#
..###?#..........###
#.#................#
.
#..................#


You could see an adder.

Vanquished Creatures
  2 worms (D:2)
  3 ball pythons (D:1)
  3 bats
  5 goblins
  A hobgoblin (D:2)
  3 kobolds (D:1)
  3 rats
20 creatures vanquished.

Notes
Turn   | Place    | Note
-------+----------+-------------------------------------------
     0 | D:1      | Kaiern the Gargoyle Fighter began the quest for the Orb.
     0 | D:1      | Reached XP level 1. HP: 14/14 MP: 1/1
   264 | D:1      | Reached XP level 2. HP: 19/19 MP: 2/2
  1004 | D:2      | Noticed Jessica
  1143 | D:2      | Found an iron altar of Okawaru.
  1305 | D:2      | Reached XP level 3. HP: 13/24 MP: 3/3
  1534 | D:2      | Noticed Sigmund
  1557 | D:2      | Slain by Sigmund

Illustrated notes

Levels and vault maps discovered:
D:1:      minmay_arrival_semitransparent, layout_loops_corners,
          chequers_arboretum, minmay_statues_item, grunt_decor_one_mirror
D:2:      layout_rooms, overflow_temple_1_default, uniq_natasha, uniq_sigmund,
          uniq_jessica

Action                   || total
-------------------------++-------
Melee: Flail             ||    72
Throw: Boomerang         ||    25
  Eat: Ration            ||     1
Armor: Scale mail        ||    39
Dodge: Dodged            ||    14
Block: Kite shield       ||    42
